 Dungeon Crawl Stone Soup version 0.29.1-15-g9cfb28693d (webtiles) character file.

Game seed: 6899076149910632734

74 Hugehornet the Slasher (level 3, 0/30 HPs)
             Began as a Demigod Fighter on Apr 2, 2023.
             Slain by a gnoll
             ... wielding a +0 halberd
              (1 damage)
             ... on level 2 of the Dungeon.
             The game lasted 00:02:40 (1697 turns).

Hugehornet the Slasher (Demigod Fighter)            Turns: 1697, Time: 00:02:41

Health: 0/30       AC:  7    Str: 17    XL:     3   Next: 85%
Magic:  5/5        EV:  8    Int: 14    God:
Gold:   100        SH:  4    Dex: 13    Spells: 2/2 levels left

rFire   . . .      SeeInvis .   a - +0 long sword
rCold   . . .      Faith    .   c - +0 buckler
rNeg    . . .      Spirit   .   b - +0 scale mail
rPois   .          Reflect  .   l - +0 helmet
rElec   .          Harm     .   (no cloak)
rCorr   .          Rampage  .   (no gloves)
Will    .....                   (no boots)
Stlth   ..........              (no amulet)
HPRegen 0.10/turn               (no ring)
MPRegen 0.09/turn               (no ring)

@: no status effects
A: high MP 1, forlorn, divine attributes
a: no special abilities


You were on level 2 of the Dungeon.
You visited 1 branch of the dungeon, and saw 2 of its levels.

You collected 100 gold pieces.

Inventory:

Hand Weapons
 a - a +0 long sword (weapon)
 p - a +1 sling of flaming
Armour
 b - a +0 scale mail (worn)
 c - a +0 buckler (worn)
 j - a +0 plate armour
 l - a +0 helmet (worn)
 n - a +0 chain mail
Jewellery
 h - a ring of willpower
Scrolls
 f - a scroll of blinking {unknown}
 i - a scroll of immolation {unknown}
 k - a scroll of enchant armour {unknown}
 m - a scroll of fear {unknown}
 o - a scroll of teleportation {unknown}
 q - a scroll of enchant weapon {unknown}
 r - 3 scrolls of identify {unknown}
 s - a scroll of fog {unknown}
Potions
 d - a potion of might
 e - a potion of brilliance {unknown}
 g - 2 potions of curing {unknown}


   Skills:
 - Level 2.6 Fighting
 * Level 4.0 Long Blades
 - Level 2.6 Armour
 - Level 2.6 Shields


You had 2 spell levels left.
You didn't know any spells.
Your spell library contained the following spells:

 Spells                   Type           Power      Damage    Failure   Level
 Sting                    Tmut/Pois      0%         1d3       78%         1
 Poisonous Vapours        Pois/Air       0%         N/A       89%         2
 Olgreb's Toxic Radiance  Pois           0%         N/A       100%        4


Dungeon Overview and Level Annotations

Branches:
Dungeon (2/15)


Innate Abilities, Weirdness & Mutations

You have an increased reservoir of magic. (+10% MP)
You shall have no god before yourself.
Your divine heritage dramatically boosts your attributes as you level up.


Message History

You kill the gnoll!
You barely miss the gnoll. The gnoll closely misses you. x2
You hit the gnoll.
The gnoll is lightly wounded.
The gnoll hits you but does no damage.
You hit the gnoll.
The gnoll is heavily wounded.
The gnoll barely misses you.
You hit the gnoll.
The gnoll is heavily wounded.
You block the gnoll's attack.
You slash the gnoll!
You kill the gnoll!
The adder bites you but does no damage. The gnoll barely misses you.
Your Long Blades skill increases to level 4!
You slash the adder!
The adder is severely wounded.
The adder completely misses you. The adder barely misses you.
The gnoll hits you from afar with a +0 halberd!
* * * LOW HITPOINT WARNING * * *
You are too injured to fight recklessly!
You are too injured to fight recklessly!
You are too injured to fight recklessly!
You are too injured to fight recklessly!
You closely miss the adder.
The adder is severely wounded.
You block the adder's attack. The gnoll closely misses you.
You barely miss the adder.
The adder is severely wounded.
You block the adder's attack. The gnoll barely misses you.
The adder bites you but does no damage.
You miss the adder.
The adder is severely wounded.
You block the adder's attack.
The gnoll hits you from afar with a +0 halberd.
* * * LOW HITPOINT WARNING * * *
The adder bites you.
* * * LOW HITPOINT WARNING * * *
The gnoll hits you from afar with a +0 halberd.
You die...

#.# #.# #.# #.#
###########.. .
#......(..... ...
#####.##.##.####.
.....###........##.#
#.
....ggS@.###.##.##.##
#. .....#####
#.##.....# #. ...
##........# #. .
##.###รท###.###.
##...##.#.......
##.....#.........
##.......##.#.###.
#..<..............
##................


You could see 2 gnolls and an adder.

Vanquished Creatures
  2 gnolls (D:2)
  2 adders (D:2)
  A dart slug (D:1)
  6 ball pythons
  A bat (D:2)
  2 endoplasms (D:1)
  3 goblins (D:1)
  2 hobgoblins
  4 kobolds (D:1)
  5 quokkas
  A frilled lizard (D:1)
  A rat (D:1)
30 creatures vanquished.

Notes
Turn   | Place    | Note
-------+----------+-------------------------------------------
     0 | D:1      | Hugehornet the Demigod Fighter began the quest for the Orb.
     0 | D:1      | Reached XP level 1. HP: 18/18 MP: 3/3
    79 | D:1      | Reached skill level 2 in Long Blades
   630 | D:1      | Reached XP level 2. HP: 25/25 MP: 4/4
   895 | D:1      | Reached skill level 3 in Long Blades
  1383 | D:2      | Reached XP level 3. HP: 30/30 MP: 5/5
  1694 | D:2      | Reached skill level 4 in Long Blades
  1697 | D:2      | HP: 1/30 [adder (3)]
  1697 | D:2      | Slain by a gnoll

Illustrated notes

Levels and vault maps discovered:
D:1:      wander_arrival_desolate, layout_loops_cross,
          chequers_ecumenical_altar_lobes, hangedman_decor_peaks_small,
          minivault_11, grunt_decor_arrowhead, roderic_roman_lattice,
          solitary_fountain, hex_tiny
D:2:      cheibrodos_helix_gallery, layout_loops_cross, due_unseen_surprise

Skill      XL: |  1  2  3 |
---------------+----------+-----
Long Blades    | 2 3 4 |  4.0
Fighting       | |  2.6
Armour         | |  2.6
Shields        | |  2.6

Action                   || total
-------------------------++-------
Melee: Long sword        ||   121
 Fire: Sling             ||     2
Armor: Scale mail        ||    60
Dodge: Dodged            ||    50
Block: Buckler           ||    34
